Workbook

Sheet Приложение 1
C1: Приложение 1 к решению Совета депутатов Пятинского сельского поселения Ромодановского муниципального района Республики Мордовия №20 от 04.12.2023г.«О внесении изменений в решение Совета депутатов Пятинского сельского поселения Ромодановского муниципального района Республики Мордовия от 29 декабря 2022 г № 76 «О бюджете Пятинского сельского поселения Ромодановского муниципального района Республики Мордовия на 2023 год и на плановый период 2024 и 2025 годов»
A6: ОБЪЕМ БЕЗВОЗМЕЗДНЫХ ПОСТУПЛЕНИЙ В БЮДЖЕТ ПЯТИНСКОГО СЕЛЬСКОГО ПОСЕЛЕНИЯ РОМОДАНОВСКОГО МУНИЦИПАЛЬНОГО РАЙОНА РЕСПУБЛИКИ МОРДОВИЯ НА 2023 ГОД И НА ПЛАНОВЫЙ ПЕРИОД 2024 И 2025 ГОДОВ
E7: (тыс. рублей)
A8: Код | B8: Наименование | C8: Сумма
C9: 2023 год | D9: 2024 год | E9: 2025 год
A10: 1 | B10: 2 | C10: 3 | D10: 4 | E10: 5
A11: 2 00 00000 00 0000 000 | B11: БЕЗВОЗМЕЗДНЫЕ ПОСТУПЛЕНИЯ | C11: =C12 -> 3340.8 | D11: =D19+D24 -> 381.5 | E11: =E19+E24 -> 385.9
A12: 2 02 00000 00 0000 000 | B12: Безвозмездные поступления от других бюджетов бюджетной системы Российской Федерации | C12: =C13+C19+C24+C16+C29 -> 3340.8 | D12: =D11 -> 381.5 | E12: =E11 -> 385.9
A13: 2 02 10000 00 0000 150 | B13: Дотации бюджетам бюджетной системы Российской Федерации | C13: =C14 -> 483.2
A14: 2 02 15002 00 0000 150 | B14: Дотация бюджетам на поддержку мер по обеспечению сбалансированности бюджетов | C14: =C15 -> 483.2
A15: 2 02 15002 10 0000 150 | B15: Дотации бюджетам сельских поселений на поддержку мер по обеспечению сбалансированности бюджетов | C15: 483.2
A16: 2 02 20000 00 0000 150 | B16: Субсидии бюджетам бюджетной системы Российской Федерации (межбюджетные субсидии) | C16: =C17 -> 1868.3
A17: 2 02 25576 00 0000 150 | B17: Субсидии бюджетам на обеспечение комплексного развития сельских территорий | C17: =C18 -> 1868.3
A18: 2 02 25576 10 0000 150 | B18: Субсидии бюджетам сельских поселений на обеспечение комплексного развития сельских территорий | C18: 1868.3
A19: 2 02 30000 00 0000 150 | B19: Субвенции бюджетам бюджетной системы Российской Федерации | C19: =C20+C22 -> 109.9 | D19: =D20+D22 -> 115 | E19: =E20+E22 -> 119.4
A20: 2 02 30024 00 0000 150 | B20: Субвенции местным бюджетам на выполнение передаваемых полномочий субъектов Российской Федерации | C20: =C21 -> 0.6 | D20: =D21 -> 0.6 | E20: =E21 -> 0.7
A21: 2 02 30024 10 0000 150 | B21: Субвенции бюджетам сельских поселений на выполнение передаваемых полномочий субъектов Российской Федерации | C21: 0.6 | D21: 0.6 | E21: 0.7
A22: 2 02 35118 00 0000 150 | B22: Субвенции бюджетам на осуществление первичного воинского учета органами местного самоуправления поселений,муниципальных и городских округов | C22: =C23 -> 109.3 | D22: =D23 -> 114.4 | E22: =E23 -> 118.7
A23: 2 02 35118 10 0000 150 | B23: Субвенции бюджетам сельских поселений на осуществление первичного воинского учета органами местного самоуправления поселений,муниципальных и городских округов | C23: 109.3 | D23: 114.4 | E23: 118.7
A24: 2 02 40000 00 0000 150 | B24: Иные межбюджетные трансферты | C24: =C25+C27 -> 363.7 | D24: =D25 -> 266.5 | E24: =E25 -> 266.5
A25: 2 02 40014 00 0000 150 | B25: Межбюджетные трансферты, передаваемые бюджетам муниципальных образований на осуществление части полномочий по решению вопросов местного значения в соответствии с заключенными соглашениями | C25: =C26 -> 326.5 | D25: =D26 -> 266.5 | E25: =E26 -> 266.5
A26: 2 02 40014 10 0000 150 | B26: Межбюджетные трансферты, передаваемые бюджетам сельских поселений из бюджетов муниципальных районов на осуществление части полномочий по решению вопросов местного значения в соответствии с заключенными соглашениями | C26: 326.5 | D26: 266.5 | E26: 266.5
A27: 2 02 49999 00 0000 150 | B27: Прочие межбюджетные трансферты, передаваемые бюджетам | C27: =C28 -> 37.2
A28: 2 02 49999 10 0000 150 | B28: Прочие межбюджетные трансферты, передаваемые бюджетам сельских поселений | C28: 37.2
A29: 2 07 00000 00 0000 000 | B29: ПРОЧИЕ БЕЗВОЗМЕЗДНЫЕ ПОСТУПЛЕНИЯ | C29: =C30 -> 515.7 | D29: =D30 -> 0 | E29: =E30 -> 0
A30: 2 07 05000 05 0000 150 | B30: Прочие безвозмездные поступления в бюджеты муниципальных районов | C30: =C31 -> 515.7 | D30: =D31 -> 0 | E30: =E31 -> 0
A31: 2 07 05030 05 0000 150 | B31: Прочие безвозмездные поступления в бюджеты муниципальных районов | C31: 515.7 | D31: 0 | E31: 0

Sheet Приложение 2
I1: Приложение 2 к решению Совета депутатов Пятинского сельского поселения Ромодановского муниципального района Республики Мордовия №20 от 04.12.2023г.«О внесении изменений в решение Совета депутатов Пятинского сельского поселения Ромодановского муниципального района Республики Мордовия от 29 декабря 2022 г № 76 «О бюджете Пятинского сельского поселения Ромодановского муниципального района Республики Мордовия на 2023 год и на плановый период 2024 и 2025 годов»
A3: ВЕДОМСТВЕННАЯ СТРУКТУРА РАСХОДОВ БЮДЖЕТА ПЯТИНСКОГО СЕЛЬСКОГО ПОСЕЛЕНИЯ РОМОДАНОВСКОГО МУНИЦИПАЛЬНОГО РАЙОНА РЕСПУБЛИКИ МОРДОВИЯ НА 2023 ГОД И НА ПЛАНОВЫЙ ПЕРИОД 2024 И 2025 ГОДОВ
I4: (тыс. рублей)
A5: Наименование | B5: Адм | C5: Рз | D5: Прз | E5: Цср | I5: Вр | J5: Сумма
J6: 2023 год | K6: 2024 год | L6: 2025 год
A7: 1 | B7: 2 | C7: 3 | D7: 4 | E7: 5 | F7: 6 | G7: 7 | H7: 8 | I7: 9 | J7: 10 | K7: 11 | L7: 12
A8: Администрация Пятинского сельского поселения Ромодановского муниципального района Республики Мордовия | B8: 920 | J8: =J9+J46+J63+J79+J105+J56 -> 7520.6 | K8: =K9+K46+K63+K79+K105+K112 -> 1741.7 | L8: =L9+L46+L63+L79+L105+L112 -> 1760.8
A9: Общегосударственные вопросы | B9: 920 | C9: 01 | J9: =J10+J16+J32+J38 -> 2774 | K9: =K10+K16+K32 -> 1063.9 | L9: =L10+L16+L32 -> 1038.1
A10: Функционирование высшего должностного лица субъекта Российской Федерации и муниципального образования | B10: 920 | C10: 01 | D10: 02 | J10: =J11 -> 715.6 | K10: =K11 -> 349.9 | L10: =L11 -> 374.4
A11: Обеспечение деятельности Администрации Пятинского сельского поселения Ромодановского муниципального района Республики Мордовия | B11: 920 | C11: 01 | D11: 02 | E11: 65 | J11: =J12 -> 715.6 | K11: =K12 -> 349.9 | L11: =L12 -> 374.4
A12: Высшее должностное лицо | B12: 920 | C12: 01 | D12: 02 | E12: 65 | F12: 1 | J12: =J13 -> 715.6 | K12: =K13 -> 349.9 | L12: =L13 -> 374.4
A13: Расходы на выплаты по оплате труда высшего должностного лица | B13: 920 | C13: 01 | D13: 02 | E13: 65 | F13: 1 | G13: 00 | H13: 41150 | J13: =J14 -> 715.6 | K13: =K14 -> 349.9 | L13: =L14 -> 374.4
A14: Расходы на выплаты персоналу в целях обеспечения выполнения функций государственными (муниципальными) органами, казенными учреждениями, органами управления государственными внебюджетными фондами | B14: 920 | C14: 01 | D14: 02 | E14: 65 | F14: 1 | G14: 00 | H14: 41150 | I14: 100 | J14: =J15 -> 715.6 | K14: =K15 -> 349.9 | L14: =L15 -> 374.4
A15: Расходы на выплаты персоналу государственных (муниципальных) органов | B15: 920 | C15: 01 | D15: 02 | E15: 65 | F15: 1 | G15: 00 | H15: 41150 | I15: 120 | J15: 715.6 | K15: 349.9 | L15: 374.4
A16: Функционирование Правительства Российской Федерации, высших исполнительных органов государственной власти субъектов Российской Федерации, местных администраций | B16: 920 | C16: 01 | D16: 04 | J16: =J17+J27 -> 2020.6 | K16: =K17+K27 -> 709 | L16: =L17+L27 -> 658.7
A17: =A11 -> Обеспечение деятельности Администрации Пятинского сельского поселения Ромодановского муниципального района Республики Мордовия | B17: 920 | C17: 01 | D17: 04 | E17: 65 | J17: =J18 -> 2020 | K17: =K18 -> 708.4 | L17: =L18 -> 658
A18: Расходы в рамках обеспечения деятельности Администрации Пятинского сельского поселения | B18: 920 | C18: 01 | D18: 04 | E18: 65 | F18: 2 | J18: =J19+J22 -> 2020 | K18: =K19+K22 -> 708.4 | L18: =L19+L22 -> 658
A19: Расходы на выплаты по оплате труда работников органов местного самоуправления | B19: 920 | C19: 01 | D19: 04 | E19: 65 | F19: 2 | G19: 00 | H19: 41110 | J19: =J20 -> 1059.1 | K19: =K20 -> 507.8 | L19: =L20 -> 455.7
A20: Расходы на выплаты персоналу в целях обеспечения выполнения функций государственными (муниципальными) органами, казенными учреждениями, органами управления государственными внебюджетными фондами | B20: 920 | C20: 01 | D20: 04 | E20: 65 | F20: 2 | G20: 00 | H20: 41110 | I20: 100 | J20: =J21 -> 1059.1 | K20: =K21 -> 507.8 | L20: =L21 -> 455.7
A21: Расходы на выплаты персоналу государственных (муниципальных) органов | B21: 920 | C21: 01 | D21: 04 | E21: 65 | F21: 2 | G21: 00 | H21: 41110 | I21: 120 | J21: 1059.1 | K21: 507.8 | L21: 455.7
A22: Расходы на обеспечение функций органов местного самоуправления | B22: 920 | C22: 01 | D22: 04 | E22: 65 | F22: 2 | G22: 00 | H22: 41120 | J22: =+J23+J25 -> 960.9 | K22: =K23+K25 -> 200.6 | L22: =+L23+L25 -> 202.3
A23: Закупка товаров, работ и услуг для обеспечения государственных (муниципальных) нужд | B23: 920 | C23: 01 | D23: 04 | E23: 65 | F23: 2 | G23: 00 | H23: 41120 | I23: 200 | J23: =J24 -> 954.6 | K23: =K24 -> 199 | L23: =L24 -> 200.7
A24: Иные закупки товаров, работ и услуг для обеспечения государственных (муниципальных) нужд | B24: 920 | C24: 01 | D24: 04 | E24: 65 | F24: 2 | G24: 00 | H24: 41120 | I24: 240 | J24: 954.6 | K24: 199 | L24: 200.7
A25: Иные бюджетные ассигнования | B25: 920 | C25: 01 | D25: 04 | E25: 65 | F25: 2 | G25: 00 | H25: 41120 | I25: 800 | J25: =J26 -> 6.3 | K25: =K26 -> 1.6 | L25: =L26 -> 1.6
A26: Уплата налогов, сборов и иных платежей | B26: 920 | C26: 01 | D26: 04 | E26: 65 | F26: 2 | G26: 00 | H26: 41120 | I26: 850 | J26: 6.3 | K26: 1.6 | L26: 1.6
A27: Непрограммные расходы главных распорядителей средств бюджета Пятинского сельского поселения Ромодановского муниципального района Республики Мордовия | B27: 920 | C27: 01 | D27: 04 | E27: 89 | J27: =J28 -> 0.6 | K27: =K28 -> 0.6 | L27: =L28 -> 0.7
A28: Непрограммные расходы в рамках обеспечения деятельности главных распорядителей средств бюджета Пятинского сельского поселения Ромодановского муниципального района Республики Мордовия | B28: 920 | C28: 01 | D28: 04 | E28: 89 | F28: 1 | J28: =J29 -> 0.6 | K28: =K29 -> 0.6 | L28: =L29 -> 0.7
A29: Осуществление государственных полномочий Республики Мордовия по определению перечня должностных лиц, уполномоченных составлять протоколы об административных правонарушениях, предусмотренных Законом Республики Мордовия от 15 июня 2015 года № 38-З "Об административной ответственности на территории Республики Мордовия" | B29: 920 | C29: 01 | D29: 04 | E29: 89 | F29: 1 | G29: 00 | H29: 77150 | J29: =J30 -> 0.6 | K29: =K30 -> 0.6 | L29: =L30 -> 0.7
A30: Закупка товаров, работ и услуг для обеспечения государственных (муниципальных) нужд | B30: 920 | C30: 01 | D30: 04 | E30: 89 | F30: 1 | G30: 00 | H30: 77150 | I30: 200 | J30: =J31 -> 0.6 | K30: =K31 -> 0.6 | L30: =L31 -> 0.7
A31: Иные закупки товаров, работ и услуг для обеспечения государственных (муниципальных) нужд | B31: 920 | C31: 01 | D31: 04 | E31: 89 | F31: 1 | G31: 00 | H31: 77150 | I31: 240 | J31: 0.6 | K31: 0.6 | L31: 0.7
A32: Резервные фонды | B32: 920 | C32: 01 | D32: 11 | J32: =J33 -> 5 | K32: =K33 -> 5 | L32: =L33 -> 5
A33: =A27 -> Непрограммные расходы главных распорядителей средств бюджета Пятинского сельского поселения Ромодановского муниципального района Республики Мордовия | B33: 920 | C33: 01 | D33: 11 | E33: 89 | J33: =J34 -> 5 | K33: =K34 -> 5 | L33: =L34 -> 5
A34: =A28 -> Непрограммные расходы в рамках обеспечения деятельности главных распорядителей средств бюджета Пятинского сельского поселения Ромодановского муниципального района Республики Мордовия | B34: 920 | C34: 01 | D34: 11 | E34: 89 | F34: 1 | J34: =J35 -> 5 | K34: =K35 -> 5 | L34: =L35 -> 5
A35: Резервный фонд Администрации Пятинского сельского поселени Ромодановского муниципального района Республики Мордовия | B35: 920 | C35: 01 | D35: 11 | E35: 89 | F35: 1 | G35: 00 | H35: 41180 | J35: =J37 -> 5 | K35: =K37 -> 5 | L35: =L37 -> 5
A36: Иные бюджетные ассигнования | B36: 920 | C36: 01 | D36: 11 | E36: 89 | F36: 1 | G36: 00 | H36: 41180 | I36: 800 | J36: =J37 -> 5 | K36: =K37 -> 5 | L36: =L37 -> 5
A37: Резервные средства | B37: 920 | C37: 01 | D37: 11 | E37: 89 | F37: 1 | G37: 00 | H37: 41180 | I37: 870 | J37: 5 | K37: 5 | L37: 5
A38: Другие общегосударственные вопрсы | B38: 920 | C38: 01 | D38: 13 | J38: =J39 -> 32.8
A39: =A33 -> Непрограммные расходы главных распорядителей средств бюджета Пятинского сельского поселения Ромодановского муниципального района Республики Мордовия | B39: 920 | C39: 01 | D39: 13 | E39: 89 | J39: =J40 -> 32.8
A40: =A34 -> Непрограммные расходы в рамках обеспечения деятельности главных распорядителей средств бюджета Пятинского сельского поселения Ромодановского муниципального района Республики Мордовия | B40: 920 | C40: 01 | D40: 13 | E40: 89 | F40: 1 | J40: =J41 -> 32.8
A41: Мероприятия,связанные с муниципальным управлением | B41: 920 | C41: 01 | D41: 13 | E41: 89 | F41: 1 | G41: 00 | H41: 41210 | J41: =J42+J44 -> 32.8
A42: =A30 -> Закупка товаров, работ и услуг для обеспечения государственных (муниципальных) нужд | B42: 920 | C42: 01 | D42: 13 | E42: 89 | F42: 1 | G42: 00 | H42: 41210 | I42: 200 | J42: =J43 -> 26.8
A43: =A31 -> Иные закупки товаров, работ и услуг для обеспечения государственных (муниципальных) нужд | B43: 920 | C43: 01 | D43: 13 | E43: 89 | F43: 1 | G43: 00 | H43: 41210 | I43: 240 | J43: 26.8
A44: =A25 -> Иные бюджетные ассигнования | B44: 920 | C44: 01 | D44: 13 | E44: 89 | F44: 1 | G44: 00 | H44: 41210 | I44: 800 | J44: =J45 -> 6
A45: =A26 -> Уплата налогов, сборов и иных платежей | B45: 920 | C45: 01 | D45: 13 | E45: 89 | F45: 1 | G45: 00 | H45: 41210 | I45: 850 | J45: 6
A46: Национальная оборона | B46: 920 | C46: 02 | J46: =J47 -> 109.3 | K46: =K47 -> 114.4 | L46: =L47 -> 118.7
A47: Мобилизационная и вневойсковая подготовка | B47: 920 | C47: 02 | D47: 03 | J47: =J48 -> 109.3 | K47: =K48 -> 114.4 | L47: =L48 -> 118.7
A48: Государственная программа повышения эффективности управления государственными финансами в Республике Мордовия | B48: 920 | C48: 02 | D48: 03 | E48: 17 | J48: =J49 -> 109.3 | K48: =K49 -> 114.4 | L48: =L49 -> 118.7
A49: Подпрограмма "Повышения эффективности межбюджетных отношений" | B49: 920 | C49: 02 | D49: 03 | E49: 17 | F49: 3 | J49: =J50 -> 109.3 | K49: =K50 -> 114.4 | L49: =L50 -> 118.7
A50: Основное мероприятие "Обеспечение и осуществления органами местного самоуправления отдельных государственных полномочий" | B50: 920 | C50: 02 | D50: 03 | E50: 17 | F50: 3 | G50: 02 | J50: =J51 -> 109.3 | K50: =K51 -> 114.4 | L50: =L51 -> 118.7
A51: Осуществление государственных полномочий Российской Федерации по первичному воинскому учету на территориях, где отсуствуют военные комиссариаты | B51: 920 | C51: 02 | D51: 03 | E51: 17 | F51: 3 | G51: 02 | H51: 51180 | J51: =J54+J52 -> 109.3 | K51: =K54+K52 -> 114.4 | L51: =L54+L52 -> 118.7
A52: Расходы на выплаты персоналу в целях обеспечения выполнения функций государственными (муниципальными) органами, казенными учреждениями, органами управления государственными внебюджетными фондами | B52: 920 | C52: 02 | D52: 03 | E52: 17 | F52: 3 | G52: 02 | H52: 51180 | I52: 100 | J52: =J53 -> 104.3 | K52: =K53 -> 109.4 | L52: =L53 -> 113.7
A53: Расходы на выплаты персоналу государственных (муниципальных) органов | B53: 920 | C53: 02 | D53: 03 | E53: 17 | F53: 3 | G53: 02 | H53: 51180 | I53: 120 | J53: 104.3 | K53: 109.4 | L53: 113.7
A54: Закупка товаров, работ и услуг для обеспечения государственных (муниципальных) нужд | B54: 920 | C54: 02 | D54: 03 | E54: 17 | F54: 3 | G54: 02 | H54: 51180 | I54: 200 | J54: =J55 -> 5 | K54: =K55 -> 5 | L54: =L55 -> 5
A55: Иные закупки товаров, работ и услуг для обеспечения государственных (муниципальных) нужд | B55: 920 | C55: 02 | D55: 03 | E55: 17 | F55: 3 | G55: 02 | H55: 51180 | I55: 240 | J55: 5 | K55: 5 | L55: 5
A56: Национальная безопасность и правоохранительная деятельность | B56: 920 | C56: 03 | J56: =J57 -> 37.6
A57: Защита населения и территории от чрезвычайных ситуаций природного и техногенного характера,пажарная безопасность | B57: 920 | C57: 03 | D57: 10 | J57: =J58 -> 37.6
A58: =A39 -> Непрограммные расходы главных распорядителей средств бюджета Пятинского сельского поселения Ромодановского муниципального района Республики Мордовия | B58: 920 | C58: 03 | D58: 10 | E58: 89 | J58: =J59 -> 37.6
A59: =A34 -> Непрограммные расходы в рамках обеспечения деятельности главных распорядителей средств бюджета Пятинского сельского поселения Ромодановского муниципального района Республики Мордовия | B59: 920 | C59: 03 | D59: 10 | E59: 89 | F59: 1 | J59: =J60 -> 37.6
A60: Резервный фонд Правительства Республики Мордовия | B60: 920 | C60: 03 | D60: 10 | E60: 89 | F60: 1 | G60: 00 | H60: 80190 | J60: =J61 -> 37.6
A61: =A54 -> Закупка товаров, работ и услуг для обеспечения государственных (муниципальных) нужд | B61: 920 | C61: 03 | D61: 10 | E61: 89 | F61: 1 | G61: 00 | H61: 80190 | I61: 200 | J61: =J62 -> 37.6
A62: =A55 -> Иные закупки товаров, работ и услуг для обеспечения государственных (муниципальных) нужд | B62: 920 | C62: 03 | D62: 10 | E62: 89 | F62: 1 | G62: 00 | H62: 80190 | I62: 240 | J62: 37.6
A63: Национальная экономика | B63: 920 | C63: 04 | J63: =J64+J70 -> 346.5 | K63: =K64 -> 266.5 | L63: =L64 -> 266.5
A64: Дорожное хозяйство (дорожные фонды) | B64: 920 | C64: 04 | D64: 09 | J64: =J65 -> 266.5 | K64: =K65 -> 266.5 | L64: =L65 -> 266.5
A65: Муниципальная программа "Комплексного развития транспортной инфраструктуры Пятинского сельского поселения Ромодановского муниципального района Республики Мордовия на 2018- 2030 года" | B65: 920 | C65: 04 | D65: 09 | E65: 13 | J65: =J67 -> 266.5 | K65: =K67 -> 266.5 | L65: =L67 -> 266.5
A66: Основное мероприятие "Ремонт и содержание дорог в границах поселения, поддержание дорожного полотна в работоспособном состоянии " | B66: 920 | C66: 04 | D66: 09 | E66: 13 | F66: 0 | G66: 01 | J66: =J67 -> 266.5 | K66: =K67 -> 266.5 | L66: =L67 -> 266.5
A67: Иные межбюджетные трансферты на осуществление полномочий по дорожной деятельности в отношении автомобильных дорог местного значения в границах населенных пунктов поселения и обеспечению безопасности дорожного движения на них, включая создание и обеспечение функционирования парковок (парковочных мест), осуществлению муниципального контроля за сохранностью автомобильных дорог местного значения в границах населенных пунктов поселения, организации дорожного движения, а также осуществлению иных полномочий в области использования автомобильных дорог и осуществления дорожной деятельности в соответствии с законодательством Российской Федерации | B67: 920 | C67: 04 | D67: 09 | E67: 13 | F67: 0 | G67: 01 | H67: 44102 | J67: =J68 -> 266.5 | K67: =K68 -> 266.5 | L67: =L68 -> 266.5
A68: Закупка товаров, работ и услуг для обеспечения государственных (муниципальных) нужд | B68: 920 | C68: 04 | D68: 09 | E68: 13 | F68: 0 | G68: 01 | H68: 44102 | I68: 200 | J68: =J69 -> 266.5 | K68: =K69 -> 266.5 | L68: =L69 -> 266.5
A69: Иные закупки товаров, работ и услуг для обеспечения государственных (муниципальных) нужд | B69: 920 | C69: 04 | D69: 09 | E69: 13 | F69: 0 | G69: 01 | H69: 44102 | I69: 240 | J69: 266.5 | K69: 266.5 | L69: 266.5
A70: Другие вопросы в облости национальной экономики | B70: 920 | C70: 04 | D70: 12 | J70: =J71 -> 80
A71: =A58 -> Непрограммные расходы главных распорядителей средств бюджета Пятинского сельского поселения Ромодановского муниципального района Республики Мордовия | B71: 920 | C71: 04 | D71: 12 | E71: 89 | J71: =J72 -> 80
A72: =A59 -> Непрограммные расходы в рамках обеспечения деятельности главных распорядителей средств бюджета Пятинского сельского поселения Ромодановского муниципального района Республики Мордовия | B72: 920 | C72: 04 | D72: 12 | E72: 89 | F72: 1 | J72: =J73+J76 -> 80
A73: мероприятия по землеустройству и землепользованию | B73: 920 | C73: 04 | D73: 12 | E73: 89 | F73: 1 | G73: 00 | H73: 42370 | J73: =J74 -> 20
A74: =A90 -> Закупка товаров, работ и услуг для обеспечения государственных (муниципальных) нужд | B74: 920 | C74: 04 | D74: 12 | E74: 89 | F74: 1 | G74: 00 | H74: 42370 | I74: 200 | J74: =J75 -> 20
A75: =A91 -> Иные закупки товаров, работ и услуг для обеспечения государственных (муниципальных) нужд | B75: 920 | C75: 04 | D75: 12 | E75: 89 | F75: 1 | G75: 00 | H75: 42370 | I75: 240 | J75: 20
A76: Иные межбюджетные трансферты на осуществление полномочий по утверждению генеральных планов поселения,правил землепользования и застройки,утверждению подготоленной на основе генеральных планов поселения документации по планировке территории,выдача градостроительного плана земельного участка,расположенного в границах поселения. | B76: 920 | C76: 04 | D76: 12 | E76: 89 | F76: 1 | G76: 00 | H76: 44107 | J76: =J77 -> 60
A77: =A74 -> Закупка товаров, работ и услуг для обеспечения государственных (муниципальных) нужд | B77: 920 | C77: 04 | D77: 12 | E77: 89 | F77: 1 | G77: 00 | H77: 44107 | I77: 200 | J77: =J78 -> 60
A78: =A75 -> Иные закупки товаров, работ и услуг для обеспечения государственных (муниципальных) нужд | B78: 920 | C78: 04 | D78: 12 | E78: 89 | F78: 1 | G78: 00 | H78: 44107 | I78: 240 | J78: 60
A79: Жилищно-коммунальное хозяйство | B79: 920 | C79: 05 | J79: =J86+J80 -> 4079.3 | K79: =K86 -> 90 | L79: =L86 -> 90
A80: Жилищное хозяйство | B80: 920 | C80: 05 | D80: 01 | J80: =J81 -> 16.1
A81: =A71 -> Непрограммные расходы главных распорядителей средств бюджета Пятинского сельского поселения Ромодановского муниципального района Республики Мордовия | B81: 920 | C81: 05 | D81: 01 | E81: 89 | J81: =J82 -> 16.1
A82: =A72 -> Непрограммные расходы в рамках обеспечения деятельности главных распорядителей средств бюджета Пятинского сельского поселения Ромодановского муниципального района Республики Мордовия | B82: 920 | C82: 05 | D82: 01 | E82: 89 | F82: 1 | J82: =J83 -> 16.1
A83: Взнос на капитальный ремонт общего имущества в многоквартирном доме | B83: 920 | C83: 05 | D83: 01 | E83: 89 | F83: 1 | G83: 00 | H83: 42360 | J83: =J84 -> 16.1
A84: =A90 -> Закупка товаров, работ и услуг для обеспечения государственных (муниципальных) нужд | B84: 920 | C84: 05 | D84: 01 | E84: 89 | F84: 1 | G84: 00 | H84: 42360 | I84: 200 | J84: =J85 -> 16.1
A85: =A91 -> Иные закупки товаров, работ и услуг для обеспечения государственных (муниципальных) нужд | B85: 920 | C85: 05 | D85: 01 | E85: 89 | F85: 1 | G85: 00 | H85: 42360 | I85: 240 | J85: 16.1
A86: Благоустройство | B86: 920 | C86: 05 | D86: 03 | J86: =J87+J96 -> 4063.2 | K86: =K87 -> 90 | L86: =L87 -> 90
A87: Муниципальная программа "Комплексного развития социальной инфраструктуры Пятинского сельского поселения Ромодановского муниципального района Республики Мордовия на 2018-2030 года" | B87: 920 | C87: 05 | D87: 03 | E87: 10 | J87: =J92+J88 -> 1276.7 | K87: =K92+K88 -> 90 | L87: =L92+L88 -> 90
A88: Основное мероприятие "Благоустройство территории " | B88: 920 | C88: 05 | D88: 03 | E88: 10 | F88: 0 | G88: 07 | J88: =J89 -> 1052.7 | K88: =K89 -> 52 | L88: =L89 -> 52
A89: Прочие мероприятия по благоустройству | B89: 920 | C89: 05 | D89: 03 | E89: 10 | F89: 0 | G89: 07 | H89: 43040 | J89: =J90 -> 1052.7 | K89: =K90 -> 52 | L89: =L90 -> 52
A90: Закупка товаров, работ и услуг для обеспечения государственных (муниципальных) нужд | B90: 920 | C90: 05 | D90: 03 | E90: 10 | F90: 0 | G90: 07 | H90: 43040 | I90: 200 | J90: =J91 -> 1052.7 | K90: =K91 -> 52 | L90: =L91 -> 52
A91: Иные закупки товаров, работ и услуг для обеспечения государственных (муниципальных) нужд | B91: 920 | C91: 05 | D91: 03 | E91: 10 | F91: 0 | G91: 07 | H91: 43040 | I91: 240 | J91: 1052.7 | K91: 52 | L91: 52
A92: Основное мероприятие "Освещение территории сельского поселения" | B92: 920 | C92: 05 | D92: 03 | E92: 10 | F92: 0 | G92: 08 | J92: =J93 -> 224 | K92: =K93 -> 38 | L92: =L93 -> 38
A93: Уличное освещение | B93: 920 | C93: 05 | D93: 03 | E93: 10 | F93: 0 | G93: 08 | H93: 43010 | J93: =J94 -> 224 | K93: =K94 -> 38 | L93: =L94 -> 38
A94: Закупка товаров, работ и услуг для обеспечения государственных (муниципальных) нужд | B94: 920 | C94: 05 | D94: 03 | E94: 10 | F94: 0 | G94: 08 | H94: 43010 | I94: 200 | J94: =J95 -> 224 | K94: =K95 -> 38 | L94: =L95 -> 38
A95: Иные закупки товаров, работ и услуг для обеспечения государственных (муниципальных) нужд | B95: 920 | C95: 05 | D95: 03 | E95: 10 | F95: 0 | G95: 08 | H95: 43010 | I95: 240 | J95: 224 | K95: 38 | L95: 38
A96: Муниципальная программа Пятинского сельского поселения Ромодановского муниципального района Республики Мордовтя "Комплексное развитие сельских территорий"на 2020-2025гг. | B96: 920 | C96: 05 | D96: 03 | E96: 22 | J96: =J97 -> 2786.5
A97: Подпрограмма "Создание и развитие инфраструктуры на сельских территориях" | B97: 920 | C97: 05 | D97: 03 | E97: 22 | F97: 2 | J97: =J98 -> 2786.5
A98: Основное мероприятие Благоустройство сельских территорий | B98: 920 | C98: 05 | D98: 03 | E98: 22 | F98: 2 | G98: 01 | J98: =J102+J99 -> 2786.5
A99: Прочие мероприятия по благоустройству | B99: 920 | C99: 05 | D99: 03 | E99: 22 | F99: 2 | G99: 01 | H99: 43040 | J99: =J100 -> 891.5
A100: =A103 -> Закупка товаров, работ и услуг для обеспечения государственных (муниципальных) нужд | B100: 920 | C100: 05 | D100: 03 | E100: 22 | F100: 2 | G100: 01 | H100: 43040 | I100: 200 | J100: =J101 -> 891.5
A101: =A104 -> Иные закупки товаров, работ и услуг для обеспечения государственных (муниципальных) нужд | B101: 920 | C101: 05 | D101: 03 | E101: 22 | F101: 2 | G101: 01 | H101: 43040 | I101: 240 | J101: 891.5
...

Sheet Приложение3
H1: Приложение 3 к решению Совета депутатов Пятинского сельского поселения Ромодановского муниципального района Республики Мордовия №20 от 04.12.2023г.«О внесении изменений в решение Совета депутатов Пятинского сельского поселения Ромодановского муниципального района Республики Мордовия от 29 декабря 2022 г № 76 «О бюджете Пятинского сельского поселения Ромодановского муниципального района Республики Мордовия на 2023 год и на плановый период 2024 и 2025 годов»
A3: РАСПРЕДЕЛЕНИЕ БЮДЖЕТНЫХ АССИГНОВАНИЙ БЮДЖЕТА ПЯТИНСКОГО СЕЛЬСКОГО ПОСЕЛЕНИЯ РОМОДАНОВСКОГО МУНИЦИПАЛЬНОГО РАЙОНА РЕСПУБЛИКИ МОРДОВИЯ ПО РАЗДЕЛАМ, ПОДРАЗДЕЛАМ, ЦЕЛЕВЫМ СТАТЬЯМ (МУНИЦИПАЛЬНЫМ ПРОГРАММАМ И НЕПРОГРАММНЫМ НАПРАВЛЕНИЯМ ДЕЯТЕЛЬНОСТИ), ГРУППАМ И ПОДГРУППАМ ВИДОВ РАСХОДОВ КЛАССИФИКАЦИИ РАСХОДОВ БЮДЖЕТОВ НА 2023 ГОД И НА ПЛАНОВЫЙ ПЕРИОД 2024 И 2025 ГОДОВ
A4: Наименование | H4: (тыс. рублей)
B5: Рз | C5: Прз | D5: Цср | H5: Вр | I5: Сумма
A6: 1 | I6: 2023 год | J6: 2024 год | K6: 2025 год
B7: 2 | C7: 3 | D7: 4 | E7: 5 | F7: 6 | G7: 7 | H7: 8 | I7: 9 | J7: 10 | K7: 11
A8: ВСЕГО | I8: =I9+I46+I63+I79+I105+I56 -> 7520.6 | J8: =J9+J46+J63+J79+J105+J112 -> 1741.7 | K8: =K9+K46+K63+K79+K105+K112 -> 1760.8
A9: Общегосударственные вопросы | B9: 01 | I9: =I10+I16+I32+I38 -> 2774 | J9: =J10+J16+J32 -> 1063.9 | K9: =K10+K16+K32 -> 1038.1
A10: Функционирование высшего должностного лица субъекта Российской Федерации и муниципального образования | B10: 01 | C10: 02 | I10: =I11 -> 715.6 | J10: =J11 -> 349.9 | K10: =K11 -> 374.4
A11: ='Приложение 2'!A11 -> Обеспечение деятельности Администрации Пятинского сельского поселения Ромодановского муниципального района Республики Мордовия | B11: 01 | C11: 02 | D11: 65 | I11: =I12 -> 715.6 | J11: =J12 -> 349.9 | K11: =K12 -> 374.4
A12: Высшее должностное лицо | B12: 01 | C12: 02 | D12: 65 | E12: 1 | I12: =I13 -> 715.6 | J12: =J13 -> 349.9 | K12: =K13 -> 374.4
A13: Расходы на выплаты по оплате труда высшего должностного лица | B13: 01 | C13: 02 | D13: 65 | E13: 1 | F13: 00 | G13: 41150 | I13: =I14 -> 715.6 | J13: =J14 -> 349.9 | K13: =K14 -> 374.4
A14: Расходы на выплаты персоналу в целях обеспечения выполнения функций государственными (муниципальными) органами, казенными учреждениями, органами управления государственными внебюджетными фондами | B14: 01 | C14: 02 | D14: 65 | E14: 1 | F14: 00 | G14: 41150 | H14: 100 | I14: =I15 -> 715.6 | J14: =J15 -> 349.9 | K14: =K15 -> 374.4
A15: Расходы на выплаты персоналу государственных (муниципальных) органов | B15: 01 | C15: 02 | D15: 65 | E15: 1 | F15: 00 | G15: 41150 | H15: 120 | I15: ='Приложение 2'!J15 -> 715.6 | J15: ='Приложение 2'!K15 -> 349.9 | K15: ='Приложение 2'!L15 -> 374.4
A16: Функционирование Правительства Российской Федерации, высших исполнительных органов государственной власти субъектов Российской Федерации, местных администраций | B16: 01 | C16: 04 | I16: =I17+I27 -> 2020.6 | J16: =J17+J27 -> 709 | K16: =K17+K27 -> 658.7
A17: ='Приложение 2'!A17 -> Обеспечение деятельности Администрации Пятинского сельского поселения Ромодановского муниципального района Республики Мордовия | B17: 01 | C17: 04 | D17: 65 | I17: =I18 -> 2020 | J17: =J18 -> 708.4 | K17: =K18 -> 658
A18: ='Приложение 2'!A18 -> Расходы в рамках обеспечения деятельности Администрации Пятинского сельского поселения | B18: 01 | C18: 04 | D18: 65 | E18: 2 | I18: =I19+I22 -> 2020 | J18: =J19+J22 -> 708.4 | K18: =K19+K22 -> 658
A19: Расходы на выплаты по оплате труда работников органов местного самоуправления | B19: 01 | C19: 04 | D19: 65 | E19: 2 | F19: 00 | G19: 41110 | I19: =I20 -> 1059.1 | J19: =J20 -> 507.8 | K19: =K20 -> 455.7
A20: Расходы на выплаты персоналу в целях обеспечения выполнения функций государственными (муниципальными) органами, казенными учреждениями, органами управления государственными внебюджетными фондами | B20: 01 | C20: 04 | D20: 65 | E20: 2 | F20: 00 | G20: 41110 | H20: 100 | I20: =I21 -> 1059.1 | J20: =J21 -> 507.8 | K20: =K21 -> 455.7
A21: Расходы на выплаты персоналу государственных (муниципальных) органов | B21: 01 | C21: 04 | D21: 65 | E21: 2 | F21: 00 | G21: 41110 | H21: 120 | I21: ='Приложение 2'!J21 -> 1059.1 | J21: ='Приложение 2'!K21 -> 507.8 | K21: ='Приложение 2'!L21 -> 455.7
A22: Расходы на обеспечение функций органов местного самоуправления | B22: 01 | C22: 04 | D22: 65 | E22: 2 | F22: 00 | G22: 41120 | I22: =+I23+I25 -> 960.9 | J22: =+J23+J25 -> 200.6 | K22: =+K23+K25 -> 202.3
A23: Закупка товаров, работ и услуг для обеспечения государственных (муниципальных) нужд | B23: 01 | C23: 04 | D23: 65 | E23: 2 | F23: 00 | G23: 41120 | H23: 200 | I23: =I24 -> 954.6 | J23: =J24 -> 199 | K23: =K24 -> 200.7
A24: Иные закупки товаров, работ и услуг для обеспечения государственных (муниципальных) нужд | B24: 01 | C24: 04 | D24: 65 | E24: 2 | F24: 00 | G24: 41120 | H24: 240 | I24: ='Приложение 2'!J24 -> 954.6 | J24: ='Приложение 2'!K24 -> 199 | K24: ='Приложение 2'!L24 -> 200.7
A25: Иные бюджетные ассигнования | B25: 01 | C25: 04 | D25: 65 | E25: 2 | F25: 00 | G25: 41120 | H25: 800 | I25: =I26 -> 6.3 | J25: =J26 -> 1.6 | K25: =K26 -> 1.6
A26: Уплата налогов, сборов и иных платежей | B26: 01 | C26: 04 | D26: 65 | E26: 2 | F26: 00 | G26: 41120 | H26: 850 | I26: ='Приложение 2'!J26 -> 6.3 | J26: ='Приложение 2'!K26 -> 1.6 | K26: ='Приложение 2'!L26 -> 1.6
A27: Непрограммные расходы главных распорядителей средств бюджета Пятинского сельского поселения Ромодановского муниципального района Республики Мордовия | B27: 01 | C27: 04 | D27: 89 | I27: =I28 -> 0.6 | J27: =J28 -> 0.6 | K27: =K28 -> 0.7
A28: Непрограммные расходы в рамках обеспечения деятельности главных распорядителей средств бюджета Пятинского сельского поселения Ромодановского муниципального района Республики Мордовия | B28: 01 | C28: 04 | D28: 89 | E28: 1 | I28: =I29 -> 0.6 | J28: =J29 -> 0.6 | K28: =K29 -> 0.7
A29: Осуществление государственных полномочий Республики Мордовия по определению перечня должностных лиц, уполномоченных составлять протоколы об административных правонарушениях, предусмотренных Законом Республики Мордовия от 15 июня 2015 года № 38-З "Об административной ответственности на территории Республики Мордовия" | B29: 01 | C29: 04 | D29: 89 | E29: 1 | F29: 00 | G29: 77150 | I29: =I30 -> 0.6 | J29: =J30 -> 0.6 | K29: =K30 -> 0.7
A30: Закупка товаров, работ и услуг для обеспечения государственных (муниципальных) нужд | B30: 01 | C30: 04 | D30: 89 | E30: 1 | F30: 00 | G30: 77150 | H30: 200 | I30: =I31 -> 0.6 | J30: =J31 -> 0.6 | K30: =K31 -> 0.7
A31: Иные закупки товаров, работ и услуг для обеспечения государственных (муниципальных) нужд | B31: 01 | C31: 04 | D31: 89 | E31: 1 | F31: 00 | G31: 77150 | H31: 240 | I31: ='Приложение 2'!J31 -> 0.6 | J31: ='Приложение 2'!K31 -> 0.6 | K31: ='Приложение 2'!L31 -> 0.7
A32: Резервные фонды | B32: 01 | C32: 11 | I32: =I33 -> 5 | J32: =J33 -> 5 | K32: =K33 -> 5
A33: =A27 -> Непрограммные расходы главных распорядителей средств бюджета Пятинского сельского поселения Ромодановского муниципального района Республики Мордовия | B33: 01 | C33: 11 | D33: 89 | I33: =I34 -> 5 | J33: =J34 -> 5 | K33: =K34 -> 5
A34: =A28 -> Непрограммные расходы в рамках обеспечения деятельности главных распорядителей средств бюджета Пятинского сельского поселения Ромодановского муниципального района Республики Мордовия | B34: 01 | C34: 11 | D34: 89 | E34: 1 | I34: =I35 -> 5 | J34: =J35 -> 5 | K34: =K35 -> 5
A35: Резервный фонд Администрации Пятинского сельского поселения Ромодановского муниципального района Республики Мордовия | B35: 01 | C35: 11 | D35: 89 | E35: 1 | F35: 00 | G35: 41180 | I35: =I37 -> 5 | J35: =J37 -> 5 | K35: =K37 -> 5
A36: Иные бюджетные ассигнования | B36: 01 | C36: 11 | D36: 89 | E36: 1 | F36: 00 | G36: 41180 | H36: 800 | I36: =I37 -> 5 | J36: =J37 -> 5 | K36: =K37 -> 5
A37: Резервные средства | B37: 01 | C37: 11 | D37: 89 | E37: 1 | F37: 00 | G37: 41180 | H37: 870 | I37: ='Приложение 2'!J37 -> 5 | J37: ='Приложение 2'!K37 -> 5 | K37: ='Приложение 2'!L37 -> 5
A38: ='Приложение 2'!A38 -> Другие общегосударственные вопрсы | B38: 01 | C38: 13 | I38: =I39 -> 32.8
A39: ='Приложение 2'!A39 -> Непрограммные расходы главных распорядителей средств бюджета Пятинского сельского поселения Ромодановского муниципального района Республики Мордовия | B39: 01 | C39: 13 | D39: 89 | I39: =I40 -> 32.8
A40: ='Приложение 2'!A40 -> Непрограммные расходы в рамках обеспечения деятельности главных распорядителей средств бюджета Пятинского сельского поселения Ромодановского муниципального района Республики Мордовия | B40: 01 | C40: 13 | D40: 89 | E40: 1 | I40: =I41 -> 32.8
A41: ='Приложение 2'!A41 -> Мероприятия,связанные с муниципальным управлением | B41: 01 | C41: 13 | D41: 89 | E41: 1 | F41: 00 | G41: 41210 | I41: =I42+I44 -> 32.8
A42: ='Приложение 2'!A42 -> Закупка товаров, работ и услуг для обеспечения государственных (муниципальных) нужд | B42: 01 | C42: 13 | D42: 89 | E42: 1 | F42: 00 | G42: 41210 | H42: 200 | I42: =I43 -> 26.8
A43: ='Приложение 2'!A43 -> Иные закупки товаров, работ и услуг для обеспечения государственных (муниципальных) нужд | B43: 01 | C43: 13 | D43: 89 | E43: 1 | F43: 00 | G43: 41210 | H43: 240 | I43: ='Приложение 2'!J43 -> 26.8
A44: ='Приложение 2'!A44 -> Иные бюджетные ассигнования | B44: 01 | C44: 13 | D44: 89 | E44: 1 | F44: 00 | G44: 41210 | H44: 800 | I44: =I45 -> 6
A45: ='Приложение 2'!A45 -> Уплата налогов, сборов и иных платежей | B45: 01 | C45: 13 | D45: 89 | E45: 1 | F45: 00 | G45: 41210 | H45: 850 | I45: ='Приложение 2'!J45 -> 6
A46: Национальная оборона | B46: 02 | I46: =I47 -> 109.3 | J46: =J47 -> 114.4 | K46: =K47 -> 118.7
A47: Мобилизационная и вневойсковая подготовка | B47: 02 | C47: 03 | I47: =I48 -> 109.3 | J47: =J48 -> 114.4 | K47: =K48 -> 118.7
A48: ='Приложение 2'!A48 -> Государственная программа повышения эффективности управления государственными финансами в Республике Мордовия | B48: 02 | C48: 03 | D48: 17 | I48: =I49 -> 109.3 | J48: =J49 -> 114.4 | K48: =K49 -> 118.7
A49: Подпрограмма "Повышения эффективности межбюджетных отношений" | B49: 02 | C49: 03 | D49: 17 | E49: 3 | I49: =I50 -> 109.3 | J49: =J50 -> 114.4 | K49: =K50 -> 118.7
A50: ='Приложение 2'!A50 -> Основное мероприятие "Обеспечение и осуществления органами местного самоуправления отдельных государственных полномочий" | B50: 02 | C50: 03 | D50: 17 | E50: 3 | F50: 02 | I50: =I51 -> 109.3 | J50: =J51 -> 114.4 | K50: =K51 -> 118.7
A51: ='Приложение 2'!A51 -> Осуществление государственных полномочий Российской Федерации по первичному воинскому учету на территориях, где отсуствуют военные комиссариаты | B51: 02 | C51: 03 | D51: 17 | E51: 3 | F51: 02 | G51: 51180 | I51: =I54+I52 -> 109.3 | J51: =J54+J52 -> 114.4 | K51: =K54+K52 -> 118.7
A52: Расходы на выплаты персоналу в целях обеспечения выполнения функций государственными (муниципальными) органами, казенными учреждениями, органами управления государственными внебюджетными фондами | B52: 02 | C52: 03 | D52: 17 | E52: 3 | F52: 02 | G52: 51180 | H52: 100 | I52: =I53 -> 104.3 | J52: =J53 -> 109.4 | K52: =K53 -> 113.7
A53: Расходы на выплаты персоналу государственных (муниципальных) органов | B53: 02 | C53: 03 | D53: 17 | E53: 3 | F53: 02 | G53: 51180 | H53: 120 | I53: ='Приложение 2'!J53 -> 104.3 | J53: ='Приложение 2'!K53 -> 109.4 | K53: ='Приложение 2'!L53 -> 113.7
A54: Закупка товаров, работ и услуг для обеспечения государственных (муниципальных) нужд | B54: 02 | C54: 03 | D54: 17 | E54: 3 | F54: 02 | G54: 51180 | H54: 200 | I54: =I55 -> 5 | J54: =J55 -> 5 | K54: =K55 -> 5
A55: Иные закупки товаров, работ и услуг для обеспечения государственных (муниципальных) нужд | B55: 02 | C55: 03 | D55: 17 | E55: 3 | F55: 02 | G55: 51180 | H55: 240 | I55: ='Приложение 2'!J55 -> 5 | J55: ='Приложение 2'!K55 -> 5 | K55: ='Приложение 2'!L55 -> 5
A56: ='Приложение 2'!A56 -> Национальная безопасность и правоохранительная деятельность | B56: 03 | I56: =I57 -> 37.6
A57: ='Приложение 2'!A57 -> Защита населения и территории от чрезвычайных ситуаций природного и техногенного характера,пажарная безопасность | B57: 03 | C57: 10 | I57: =I58 -> 37.6
A58: ='Приложение 2'!A58 -> Непрограммные расходы главных распорядителей средств бюджета Пятинского сельского поселения Ромодановского муниципального района Республики Мордовия | B58: 03 | C58: 10 | D58: 89 | I58: =I59 -> 37.6
A59: ='Приложение 2'!A59 -> Непрограммные расходы в рамках обеспечения деятельности главных распорядителей средств бюджета Пятинского сельского поселения Ромодановского муниципального района Республики Мордовия | B59: 03 | C59: 10 | D59: 89 | E59: 1 | I59: =I60 -> 37.6
A60: ='Приложение 2'!A60 -> Резервный фонд Правительства Республики Мордовия | B60: 03 | C60: 10 | D60: 89 | E60: 1 | F60: 00 | G60: 80190 | I60: =I61 -> 37.6
A61: ='Приложение 2'!A61 -> Закупка товаров, работ и услуг для обеспечения государственных (муниципальных) нужд | B61: 03 | C61: 10 | D61: 89 | E61: 1 | F61: 00 | G61: 80190 | H61: 200 | I61: =I62 -> 37.6
A62: ='Приложение 2'!A62 -> Иные закупки товаров, работ и услуг для обеспечения государственных (муниципальных) нужд | B62: 03 | C62: 10 | D62: 89 | E62: 1 | F62: 00 | G62: 80190 | H62: 240 | I62: ='Приложение 2'!J62 -> 37.6
A63: Национальная экономика | B63: 04 | I63: =I64+I70 -> 346.5 | J63: =J64 -> 266.5 | K63: =K64 -> 266.5
A64: Дорожное хозяйство (дорожные фонды) | B64: 04 | C64: 09 | I64: =I65 -> 266.5 | J64: =J65 -> 266.5 | K64: =K65 -> 266.5
A65: ='Приложение 2'!A65 -> Муниципальная программа "Комплексного развития транспортной инфраструктуры Пятинского сельского поселения Ромодановского муниципального района Республики Мордовия на 2018- 2030 года" | B65: 04 | C65: 09 | D65: 13 | I65: =I66 -> 266.5 | J65: =J66 -> 266.5 | K65: =K66 -> 266.5
A66: ='Приложение 2'!A50 -> Основное мероприятие "Обеспечение и осуществления органами местного самоуправления отдельных государственных полномочий" | B66: 04 | C66: 09 | D66: 13 | E66: 0 | F66: 01 | I66: =I67 -> 266.5 | J66: =J67 -> 266.5 | K66: =K67 -> 266.5
A67: Иные межбюджетные трансферты на осуществление полномочий по дорожной деятельности в отношении автомобильных дорог местного значения в границах населенных пунктов поселения и обеспечению безопасности дорожного движения на них, включая создание и обеспечение функционирования парковок (парковочных мест), осуществлению муниципального контроля за сохранностью автомобильных дорог местного значения в границах населенных пунктов поселения, организации дорожного движения, а также осуществлению иных полномочий в области использования автомобильных дорог и осуществления дорожной деятельности в соответствии с законодательством Российской Федерации | B67: 04 | C67: 09 | D67: 13 | E67: 0 | F67: 01 | G67: 44102 | I67: =I68 -> 266.5 | J67: =J68 -> 266.5 | K67: =K68 -> 266.5
A68: Закупка товаров, работ и услуг для обеспечения государственных (муниципальных) нужд | B68: 04 | C68: 09 | D68: 13 | E68: 0 | F68: 01 | G68: 44102 | H68: 200 | I68: =I69 -> 266.5 | J68: =J69 -> 266.5 | K68: =K69 -> 266.5
A69: Иные закупки товаров, работ и услуг для обеспечения государственных (муниципальных) нужд | B69: 04 | C69: 09 | D69: 13 | E69: 0 | F69: 01 | G69: 44102 | H69: 240 | I69: ='Приложение 2'!J69 -> 266.5 | J69: ='Приложение 2'!K69 -> 266.5 | K69: ='Приложение 2'!L69 -> 266.5
A70: ='Приложение 2'!A70 -> Другие вопросы в облости национальной экономики | B70: 04 | C70: 12 | I70: =I71 -> 80
A71: ='Приложение 2'!A71 -> Непрограммные расходы главных распорядителей средств бюджета Пятинского сельского поселения Ромодановского муниципального района Республики Мордовия | B71: 04 | C71: 12 | D71: 89 | I71: =I72 -> 80
A72: ='Приложение 2'!A72 -> Непрограммные расходы в рамках обеспечения деятельности главных распорядителей средств бюджета Пятинского сельского поселения Ромодановского муниципального района Республики Мордовия | B72: 04 | C72: 12 | D72: 89 | E72: 1 | I72: =I73+I76 -> 80
A73: ='Приложение 2'!A73 -> мероприятия по землеустройству и землепользованию | B73: 04 | C73: 12 | D73: 89 | E73: 1 | F73: 00 | G73: 42370 | I73: =I74 -> 20
A74: ='Приложение 2'!A74 -> Закупка товаров, работ и услуг для обеспечения государственных (муниципальных) нужд | B74: 04 | C74: 12 | D74: 89 | E74: 1 | F74: 00 | G74: 42370 | H74: 200 | I74: =I75 -> 20
A75: ='Приложение 2'!A75 -> Иные закупки товаров, работ и услуг для обеспечения государственных (муниципальных) нужд | B75: 04 | C75: 12 | D75: 89 | E75: 1 | F75: 00 | G75: 42370 | H75: 240 | I75: ='Приложение 2'!J75 -> 20
A76: ='Приложение 2'!A76 -> Иные межбюджетные трансферты на осуществление полномочий по утверждению генеральных планов поселения,правил землепользования и застройки,утверждению подготоленной на основе генеральных планов поселения документации по планировке территории,выдача градостроительного плана земельного участка,расположенного в границах поселения. | B76: 04 | C76: 12 | D76: 89 | E76: 1 | F76: 00 | G76: 44107 | I76: =I77 -> 60
A77: ='Приложение 2'!A77 -> Закупка товаров, работ и услуг для обеспечения государственных (муниципальных) нужд | B77: 04 | C77: 12 | D77: 89 | E77: 1 | F77: 00 | G77: 44107 | H77: 200 | I77: =I78 -> 60
A78: ='Приложение 2'!A78 -> Иные закупки товаров, работ и услуг для обеспечения государственных (муниципальных) нужд | B78: 04 | C78: 12 | D78: 89 | E78: 1 | F78: 00 | G78: 44107 | H78: 240 | I78: ='Приложение 2'!J78 -> 60
A79: Жилищно-коммунальное хозяйство | B79: 05 | I79: =I86+I80 -> 4079.3 | J79: =J86 -> 90 | K79: =K86 -> 90
A80: ='Приложение 2'!A80 -> Жилищное хозяйство | B80: 05 | C80: 01 | I80: =I81 -> 16.1
A81: ='Приложение 2'!A81 -> Непрограммные расходы главных распорядителей средств бюджета Пятинского сельского поселения Ромодановского муниципального района Республики Мордовия | B81: 05 | C81: 01 | D81: 89 | I81: =I82 -> 16.1
A82: ='Приложение 2'!A82 -> Непрограммные расходы в рамках обеспечения деятельности главных распорядителей средств бюджета Пятинского сельского поселения Ромодановского муниципального района Республики Мордовия | B82: 05 | C82: 01 | D82: 89 | E82: 1 | I82: =I83 -> 16.1
A83: ='Приложение 2'!A83 -> Взнос на капитальный ремонт общего имущества в многоквартирном доме | B83: 05 | C83: 01 | D83: 89 | E83: 1 | F83: 00 | G83: 42360 | I83: =I84 -> 16.1
A84: ='Приложение 2'!A84 -> Закупка товаров, работ и услуг для обеспечения государственных (муниципальных) нужд | B84: 05 | C84: 01 | D84: 89 | E84: 1 | F84: 00 | G84: 42360 | H84: 200 | I84: =I85 -> 16.1
A85: ='Приложение 2'!A85 -> Иные закупки товаров, работ и услуг для обеспечения государственных (муниципальных) нужд | B85: 05 | C85: 01 | D85: 89 | E85: 1 | F85: 00 | G85: 42360 | H85: 240 | I85: ='Приложение 2'!J85 -> 16.1
A86: Благоустройство | B86: 05 | C86: 03 | I86: =I87+I96 -> 4063.2 | J86: =J87 -> 90 | K86: =K87 -> 90
A87: ='Приложение 2'!A87 -> Муниципальная программа "Комплексного развития социальной инфраструктуры Пятинского сельского поселения Ромодановского муниципального района Республики Мордовия на 2018-2030 года" | B87: 05 | C87: 03 | D87: 10 | I87: =I92+I88 -> 1276.7 | J87: =J92+J88 -> 90 | K87: =K92+K88 -> 90
A88: ='Приложение 2'!A88 -> Основное мероприятие "Благоустройство территории " | B88: 05 | C88: 03 | D88: 10 | E88: 0 | F88: 07 | I88: =I89 -> 1052.7 | J88: =J89 -> 52 | K88: =K89 -> 52
A89: Прочие мероприятия по благоустройству | B89: 05 | C89: 03 | D89: 10 | E89: 0 | F89: 07 | G89: 43040 | I89: =I90 -> 1052.7 | J89: =J90 -> 52 | K89: =K90 -> 52
A90: Закупка товаров, работ и услуг для обеспечения государственных (муниципальных) нужд | B90: 05 | C90: 03 | D90: 10 | E90: 0 | F90: 07 | G90: 43040 | H90: 200 | I90: =I91 -> 1052.7 | J90: =J91 -> 52 | K90: =K91 -> 52
A91: Иные закупки товаров, работ и услуг для обеспечения государственных (муниципальных) нужд | B91: 05 | C91: 03 | D91: 10 | E91: 0 | F91: 07 | G91: 43040 | H91: 240 | I91: ='Приложение 2'!J91 -> 1052.7 | J91: ='Приложение 2'!K91 -> 52 | K91: ='Приложение 2'!L91 -> 52
A92: ='Приложение 2'!A92 -> Основное мероприятие "Освещение территории сельского поселения" | B92: 05 | C92: 03 | D92: 10 | E92: 0 | F92: 08 | I92: =I93 -> 224 | J92: =J93 -> 38 | K92: =K93 -> 38
A93: Уличное освещение | B93: 05 | C93: 03 | D93: 10 | E93: 0 | F93: 08 | G93: 43010 | I93: =I94 -> 224 | J93: =J94 -> 38 | K93: =K94 -> 38
A94: Закупка товаров, работ и услуг для обеспечения государственных (муниципальных) нужд | B94: 05 | C94: 03 | D94: 10 | E94: 0 | F94: 08 | G94: 43010 | H94: 200 | I94: =I95 -> 224 | J94: =J95 -> 38 | K94: =K95 -> 38
A95: Иные закупки товаров, работ и услуг для обеспечения государственных (муниципальных) нужд | B95: 05 | C95: 03 | D95: 10 | E95: 0 | F95: 08 | G95: 43010 | H95: 240 | I95: ='Приложение 2'!J95 -> 224 | J95: ='Приложение 2'!K95 -> 38 | K95: ='Приложение 2'!L95 -> 38
A96: ='Приложение 2'!A96 -> Муниципальная программа Пятинского сельского поселения Ромодановского муниципального района Республики Мордовтя "Комплексное развитие сельских территорий"на 2020-2025гг. | B96: 05 | C96: 03 | D96: 22 | I96: =I97 -> 2786.5
A97: ='Приложение 2'!A97 -> Подпрограмма "Создание и развитие инфраструктуры на сельских территориях" | B97: 05 | C97: 03 | D97: 22 | E97: 2 | I97: =I98 -> 2786.5
A98: ='Приложение 2'!A98 -> Основное мероприятие Благоустройство сельских территорий | B98: 05 | C98: 03 | D98: 22 | E98: 2 | F98: 01 | I98: =I102+I99 -> 2786.5
A99: ='Приложение 2'!A99 -> Прочие мероприятия по благоустройству | B99: 05 | C99: 03 | D99: 22 | E99: 2 | F99: 01 | G99: 43040 | I99: =I100 -> 891.5
A100: ='Приложение 2'!A100 -> Закупка товаров, работ и услуг для обеспечения государственных (муниципальных) нужд | B100: 05 | C100: 03 | D100: 22 | E100: 2 | F100: 01 | G100: 43040 | H100: 200 | I100: =I101 -> 891.5
A101: ='Приложение 2'!A101 -> Иные закупки товаров, работ и услуг для обеспечения государственных (муниципальных) нужд | B101: 05 | C101: 03 | D101: 22 | E101: 2 | F101: 01 | G101: 43040 | H101: 240 | I101: ='Приложение 2'!J101 -> 891.5
...

Sheet Приложение 4
I1: Приложение 4 к решению Совета депутатов Пятинского сельского поселения Ромодановского муниципального района Республики Мордовия №20 от 04.12.2023г.«О внесении изменений в решение Совета депутатов Пятинского сельского поселения Ромодановского муниципального района Республики Мордовия от 29 декабря 2022 г № 76 «О бюджете Пятинского сельского поселения Ромодановского муниципального района Республики Мордовия на 2023 год и на плановый период 2024 и 2025 годов»
A3: РАСПРЕДЕЛЕНИЕ БЮДЖЕТНЫХ АССИГНОВАНИЙ БЮДЖЕТА ПЯТИНСКОГО СЕЛЬСКОГО ПОСЕЛЕНИЯ РОМОДАНОВСКОГО МУНИЦИПАЛЬНОГО РАЙОНА РЕСПУБЛИКИ МОРДОВИЯ ПО ЦЕЛЕВЫМ СТАТЬЯМ (МУНИЦИПАЛЬНЫМ ПРОГРАММАМ И НЕПРОГРАММНЫМ НАПРАВЛЕНИЯМ ДЕЯТЕЛЬНОСТИ), ГРУППАМ И ПОДГРУППАМ ВИДОВ РАСХОДОВ, РАЗДЕЛАМ И ПОДРАЗДЕЛАМ КЛАССИФИКАЦИИ РАСХОДОВ БЮДЖЕТОВ НА 2023 ГОД И НА ПЛАНОВЫЙ ПЕРИОД 2024 И 2025 ГОДОВ
I4: (тыс. рублей)
A5: Наименование | B5: Цср | F5: ВР | G5: Рз | H5: Прз | I5: Адм | J5: Сумма
J6: 2023 год | K6: 2024 год | L6: 2025 год
A7: 1 | B7: 2 | C7: 3 | D7: 4 | E7: 5 | F7: 6 | G7: 7 | H7: 8 | I7: 9 | J7: 10 | K7: 11 | L7: 12
A8: ВСЕГО | J8: =J9+J24+J32+J61+J93+J46 -> 7520.6 | K8: =K24+K9+K32+K61+K93 -> 1741.1 | L8: =L24+L9+L32+L61+L93 -> 1760.8
A9: ='Приложение 2'!A87 -> Муниципальная программа "Комплексного развития социальной инфраструктуры Пятинского сельского поселения Ромодановского муниципального района Республики Мордовия на 2018-2030 года" | B9: 10 | J9: =J17+J10 -> 1276.7 | K9: =K17+K10 -> 90 | L9: =+L17+L10 -> 90
A10: ='Приложение 2'!A88 -> Основное мероприятие "Благоустройство территории " | B10: 10 | C10: 0 | D10: 07 | J10: =J11 -> 1052.7 | K10: =K11 -> 52 | L10: =L11 -> 52
A11: ='Приложение 2'!A89 -> Прочие мероприятия по благоустройству | B11: 10 | C11: 0 | D11: 07 | E11: 43040 | J11: =J12 -> 1052.7 | K11: =K12 -> 52 | L11: =L12 -> 52
A12: Закупка товаров, работ и услуг для обеспечения государственных (муниципальных) нужд | B12: 10 | C12: 0 | D12: 07 | E12: 43040 | F12: 200 | J12: =J13 -> 1052.7 | K12: =K13 -> 52 | L12: =L13 -> 52
A13: Иные закупки товаров, работ и услуг для обеспечения государственных (муниципальных) нужд | B13: 10 | C13: 0 | D13: 07 | E13: 43040 | F13: 240 | J13: =J14 -> 1052.7 | K13: =K14 -> 52 | L13: =L14 -> 52
A14: Жилищно-коммунальное хозяйство | B14: 10 | C14: 0 | D14: 07 | E14: 43040 | F14: 240 | G14: 05 | J14: =J15 -> 1052.7 | K14: =K15 -> 52 | L14: =L15 -> 52
A15: Благоустройство | B15: 10 | C15: 0 | D15: 07 | E15: 43040 | F15: 240 | G15: 05 | H15: 03 | J15: =J16 -> 1052.7 | K15: =K16 -> 52 | L15: =L16 -> 52
A16: Администрация Пятинского сельского поселения Ромодановского муниципального района Республики Мордовия | B16: 10 | C16: 0 | D16: 07 | E16: 43040 | F16: 240 | G16: 05 | H16: 03 | I16: 920 | J16: ='Приложение 2'!J91 -> 1052.7 | K16: ='Приложение 2'!K91 -> 52 | L16: ='Приложение 2'!L91 -> 52
A17: ='Приложение 2'!A92 -> Основное мероприятие "Освещение территории сельского поселения" | B17: 10 | C17: 0 | D17: 08 | J17: =J18 -> 224 | K17: =K18 -> 38 | L17: =L18 -> 38
A18: Уличное освещение | B18: 10 | C18: 0 | D18: 08 | E18: 43010 | J18: =J19 -> 224 | K18: =K19 -> 38 | L18: =L19 -> 38
A19: Закупка товаров, работ и услуг для обеспечения государственных (муниципальных) нужд | B19: 10 | C19: 0 | D19: 08 | E19: 43010 | F19: 200 | J19: =J20 -> 224 | K19: =K20 -> 38 | L19: =L20 -> 38
A20: Иные закупки товаров, работ и услуг для обеспечения государственных (муниципальных) нужд | B20: 10 | C20: 0 | D20: 08 | E20: 43010 | F20: 240 | J20: =J21 -> 224 | K20: =K21 -> 38 | L20: =L21 -> 38
A21: Жилищно-коммунальное хозяйство | B21: 10 | C21: 0 | D21: 08 | E21: 43010 | F21: 240 | G21: 05 | J21: =J22 -> 224 | K21: =K22 -> 38 | L21: =L22 -> 38
A22: Благоустройство | B22: 10 | C22: 0 | D22: 08 | E22: 43010 | F22: 240 | G22: 05 | H22: 03 | J22: =J23 -> 224 | K22: =K23 -> 38 | L22: =L23 -> 38
A23: Администрация Пятинского сельского поселения Ромодановского муниципального района Республики Мордовия | B23: 10 | C23: 0 | D23: 08 | E23: 43010 | F23: 240 | G23: 05 | H23: 03 | I23: 920 | J23: ='Приложение 2'!J95 -> 224 | K23: ='Приложение 2'!K95 -> 38 | L23: ='Приложение 2'!L95 -> 38
A24: ='Приложение 2'!A65 -> Муниципальная программа "Комплексного развития транспортной инфраструктуры Пятинского сельского поселения Ромодановского муниципального района Республики Мордовия на 2018- 2030 года" | B24: 13 | J24: =J25 -> 266.5 | K24: =K25 -> 266.5 | L24: =L25 -> 266.5
A25: ='Приложение 2'!A66 -> Основное мероприятие "Ремонт и содержание дорог в границах поселения, поддержание дорожного полотна в работоспособном состоянии " | B25: 13 | C25: 0 | D25: 01 | J25: =J26 -> 266.5 | K25: =K26 -> 266.5 | L25: =L26 -> 266.5
A26: Иные межбюджетные трансферты на осуществление полномочий по дорожной деятельности в отношении автомобильных дорог местного значения в границах населенных пунктов поселения и обеспечению безопасности дорожного движения на них, включая создание и обеспечение функционирования парковок (парковочных мест), осуществлению муниципального контроля за сохранностью автомобильных дорог местного значения в границах населенных пунктов поселения, организации дорожного движения, а также осуществлению иных полномочий в области использования автомобильных дорог и осуществления дорожной деятельности в соответствии с законодательством Российской Федерации | B26: 13 | C26: 0 | D26: 01 | E26: 44102 | J26: =J27 -> 266.5 | K26: =K27 -> 266.5 | L26: =L27 -> 266.5
A27: Закупка товаров, работ и услуг для обеспечения государственных (муниципальных) нужд | B27: 13 | C27: 0 | D27: 01 | E27: 44102 | F27: 200 | J27: =J28 -> 266.5 | K27: =K28 -> 266.5 | L27: =L28 -> 266.5
A28: Иные закупки товаров, работ и услуг для обеспечения государственных (муниципальных) нужд | B28: 13 | C28: 0 | D28: 01 | E28: 44102 | F28: 240 | J28: =J29 -> 266.5 | K28: =K29 -> 266.5 | L28: =L29 -> 266.5
A29: Национальная экономика | B29: 13 | C29: 0 | D29: 01 | E29: 44102 | F29: 240 | G29: 04 | J29: =J30 -> 266.5 | K29: =K30 -> 266.5 | L29: =L30 -> 266.5
A30: ='Приложение 2'!A64 -> Дорожное хозяйство (дорожные фонды) | B30: 13 | C30: 0 | D30: 01 | E30: 44102 | F30: 240 | G30: 04 | H30: 09 | J30: =J31 -> 266.5 | K30: =K31 -> 266.5 | L30: =L31 -> 266.5
A31: Администрация Пятинского сельского поселения Ромодановского муниципального района Республики Мордовия | B31: 13 | C31: 0 | D31: 01 | E31: 44102 | F31: 240 | G31: 04 | H31: 09 | I31: 920 | J31: ='Приложение 2'!J69 -> 266.5 | K31: ='Приложение 2'!K69 -> 266.5 | L31: ='Приложение 2'!L69 -> 266.5
A32: ='Приложение 2'!A48 -> Государственная программа повышения эффективности управления государственными финансами в Республике Мордовия | B32: 17 | J32: =J33 -> 109.3 | K32: =K33 -> 114.4 | L32: =L33 -> 118.7
A33: Подпрограмма "Повышения эффективности межбюджетных отношений" | B33: 17 | C33: 3 | J33: =J34 -> 109.3 | K33: =K34 -> 114.4 | L33: =L34 -> 118.7
A34: ='Приложение 2'!A50 -> Основное мероприятие "Обеспечение и осуществления органами местного самоуправления отдельных государственных полномочий" | B34: 17 | C34: 3 | D34: 02 | J34: =J35 -> 109.3 | K34: =K35 -> 114.4 | L34: =L35 -> 118.7
A35: ='Приложение 2'!A51 -> Осуществление государственных полномочий Российской Федерации по первичному воинскому учету на территориях, где отсуствуют военные комиссариаты | B35: 17 | C35: 3 | D35: 02 | E35: 51180 | J35: =J41+J36 -> 109.3 | K35: =K41+K36 -> 114.4 | L35: =L41+L36 -> 118.7
A36: Расходы на выплаты персоналу в целях обеспечения выполнения функций государственными (муниципальными) органами, казенными учреждениями, органами управления государственными внебюджетными фондами | B36: 17 | C36: 3 | D36: 02 | E36: 51180 | F36: 100 | J36: =J37 -> 104.3 | K36: =K37 -> 109.4 | L36: =L37 -> 113.7
A37: Расходы на выплаты персоналу государственных (муниципальных) органов | B37: 17 | C37: 3 | D37: 02 | E37: 51180 | F37: 120 | J37: =J38 -> 104.3 | K37: =K38 -> 109.4 | L37: =L38 -> 113.7
A38: Национальная оборона | B38: 17 | C38: 3 | D38: 02 | E38: 51180 | F38: 120 | G38: 02 | J38: =J39 -> 104.3 | K38: =K39 -> 109.4 | L38: =L39 -> 113.7
A39: Мобилизационная и вневойсковая подготовка | B39: 17 | C39: 3 | D39: 02 | E39: 51180 | F39: 120 | G39: 02 | H39: 03 | J39: =J40 -> 104.3 | K39: =K40 -> 109.4 | L39: =L40 -> 113.7
A40: Администрация Пятинского сельского поселения Ромодановского муниципального района Республики Мордовия | B40: 17 | C40: 3 | D40: 02 | E40: 51180 | F40: 120 | G40: 02 | H40: 03 | I40: 920 | J40: ='Приложение 2'!J53 -> 104.3 | K40: ='Приложение 2'!K53 -> 109.4 | L40: ='Приложение 2'!L53 -> 113.7
A41: Закупка товаров, работ и услуг для обеспечения государственных (муниципальных) нужд | B41: 17 | C41: 3 | D41: 02 | E41: 51180 | F41: 200 | J41: =J42 -> 5 | K41: =K42 -> 5 | L41: =L42 -> 5
A42: Иные закупки товаров, работ и услуг для обеспечения государственных (муниципальных) нужд | B42: 17 | C42: 3 | D42: 02 | E42: 51180 | F42: 240 | J42: =J43 -> 5 | K42: =K43 -> 5 | L42: =L43 -> 5
A43: Национальная оборона | B43: 17 | C43: 3 | D43: 02 | E43: 51180 | F43: 240 | G43: 02 | J43: =J44 -> 5 | K43: =K44 -> 5 | L43: =L44 -> 5
A44: Мобилизация и вневойсковая подготовка | B44: 17 | C44: 3 | D44: 02 | E44: 51180 | F44: 240 | G44: 02 | H44: 03 | J44: =J45 -> 5 | K44: =K45 -> 5 | L44: =L45 -> 5
A45: Администрация Пятинского сельского поселения Ромодановского муниципального района Республики Мордовия | B45: 17 | C45: 3 | D45: 02 | E45: 51180 | F45: 240 | G45: 02 | H45: 03 | I45: 920 | J45: ='Приложение 2'!J55 -> 5 | K45: ='Приложение 2'!K55 -> 5 | L45: ='Приложение 2'!L55 -> 5
A46: ='Приложение 2'!A96 -> Муниципальная программа Пятинского сельского поселения Ромодановского муниципального района Республики Мордовтя "Комплексное развитие сельских территорий"на 2020-2025гг. | B46: 22 | J46: =J47 -> 2786.5
A47: ='Приложение 2'!A97 -> Подпрограмма "Создание и развитие инфраструктуры на сельских территориях" | B47: 22 | C47: 2 | J47: =J48 -> 2786.5
A48: ='Приложение 2'!A98 -> Основное мероприятие Благоустройство сельских территорий | B48: 22 | C48: 2 | D48: 01 | J48: =J55+J49 -> 2786.5
A49: ='Приложение 2'!A89 -> Прочие мероприятия по благоустройству | B49: 22 | C49: 2 | D49: 01 | E49: 43040 | J49: =J50 -> 891.5
A50: ='Приложение 2'!A90 -> Закупка товаров, работ и услуг для обеспечения государственных (муниципальных) нужд | B50: 22 | C50: 2 | D50: 01 | E50: 43040 | F50: 200 | J50: =J51 -> 891.5
A51: ='Приложение 2'!A69 -> Иные закупки товаров, работ и услуг для обеспечения государственных (муниципальных) нужд | B51: 22 | C51: 2 | D51: 01 | E51: 43040 | F51: 240 | J51: =J52 -> 891.5
A52: ='Приложение 2'!A79 -> Жилищно-коммунальное хозяйство | B52: 22 | C52: 2 | D52: 01 | E52: 43040 | F52: 240 | G52: 05 | J52: =J53 -> 891.5
A53: ='Приложение 2'!A86 -> Благоустройство | B53: 22 | C53: 2 | D53: 01 | E53: 43040 | F53: 240 | G53: 05 | H53: 03 | J53: =J54 -> 891.5
A54: =A45 -> Администрация Пятинского сельского поселения Ромодановского муниципального района Республики Мордовия | B54: 22 | C54: 2 | D54: 01 | E54: 43040 | F54: 240 | G54: 05 | H54: 03 | I54: 920 | J54: ='Приложение 2'!J101 -> 891.5
A55: ='Приложение 2'!A102 -> Субсидии на реализацию мероприятий по благоустройству сельских территорий | B55: 22 | C55: 2 | D55: 01 | E55: L5764 | J55: =J56 -> 1895
A56: =A50 -> Закупка товаров, работ и услуг для обеспечения государственных (муниципальных) нужд | B56: 22 | C56: 2 | D56: 01 | E56: L5764 | F56: 200 | J56: =J57 -> 1895
A57: =A51 -> Иные закупки товаров, работ и услуг для обеспечения государственных (муниципальных) нужд | B57: 22 | C57: 2 | D57: 01 | E57: L5764 | F57: 240 | J57: =J58 -> 1895
A58: =A52 -> Жилищно-коммунальное хозяйство | B58: 22 | C58: 2 | D58: 01 | E58: L5764 | F58: 240 | G58: 05 | J58: =J59 -> 1895
A59: =A53 -> Благоустройство | B59: 22 | C59: 2 | D59: 01 | E59: L5764 | F59: 240 | G59: 05 | H59: 03 | J59: =J60 -> 1895
A60: =A54 -> Администрация Пятинского сельского поселения Ромодановского муниципального района Республики Мордовия | B60: 22 | C60: 2 | D60: 01 | E60: L5764 | F60: 240 | G60: 05 | H60: 03 | I60: 920 | J60: ='Приложение 2'!J104 -> 1895
A61: ='Приложение 2'!A11 -> Обеспечение деятельности Администрации Пятинского сельского поселения Ромодановского муниципального района Республики Мордовия | B61: 65 | J61: =J62+J75 -> 2735.6 | K61: =K62+K75 -> 1099 | L61: =L62+L75 -> 1113.7
A62: Высшее должностное лицо | B62: 65 | C62: 1 | J62: =J63 -> 715.6 | K62: =K63+K69 -> 390.6 | L62: =L63+L69 -> 455.7
A63: Расходы на выплаты по оплате труда высшего должностного лица | B63: 65 | C63: 1 | D63: 00 | E63: 41150 | J63: =J64 -> 715.6 | K63: =K64 -> 349.9 | L63: =L64 -> 374.4
A64: Расходы на выплаты персоналу в целях обеспечения выполнения функций государственными (муниципальными) органами, казенными учреждениями, органами управления государственными внебюджетными фондами | B64: 65 | C64: 1 | D64: 00 | E64: 41150 | F64: 100 | J64: =J65 -> 715.6 | K64: =K65 -> 349.9 | L64: =L65 -> 374.4
A65: Расходы на выплаты персоналу государственных (муниципальных) органов | B65: 65 | C65: 1 | D65: 00 | E65: 41150 | F65: 120 | J65: =J66 -> 715.6 | K65: =K66 -> 349.9 | L65: =L66 -> 374.4
A66: Общегосударственные вопросы | B66: 65 | C66: 1 | D66: 00 | E66: 41150 | F66: 120 | G66: 01 | J66: =J67 -> 715.6 | K66: =K67 -> 349.9 | L66: =L67 -> 374.4
A67: Функционирование высшего должностного лица субъекта Российской Федерации и муниципального образования | B67: 65 | C67: 1 | D67: 00 | E67: 41150 | F67: 120 | G67: 01 | H67: 02 | J67: =J68 -> 715.6 | K67: =K68 -> 349.9 | L67: =L68 -> 374.4
A68: Администрация Пятинского сельского поселения Ромодановского муниципального района Республики Мордовия | B68: 65 | C68: 1 | D68: 00 | E68: 41150 | F68: 120 | G68: 01 | H68: 02 | I68: 920 | J68: ='Приложение 2'!J15 -> 715.6 | K68: ='Приложение 2'!K15 -> 349.9 | L68: ='Приложение 2'!L15 -> 374.4
A69: =Приложение3!A116 -> Условно утвержденные расходы | B69: 65 | C69: 1 | D69: 00 | E69: 41990 | K69: =K70 -> 40.7 | L69: =L70 -> 81.3
A70: =Приложение3!A117 -> Иные бюджетные ассигнования | B70: 65 | C70: 1 | D70: 00 | E70: 41990 | F70: 800 | K70: =K71 -> 40.7 | L70: =L71 -> 81.3
A71: =Приложение3!A118 -> Резервные средства | B71: 65 | C71: 1 | D71: 00 | E71: 41990 | F71: 870 | K71: =K72 -> 40.7 | L71: =L72 -> 81.3
A72: =Приложение3!A112 -> Условно утвержденные расходы | B72: 65 | C72: 1 | D72: 00 | E72: 41990 | F72: 870 | G72: 99 | K72: =K73 -> 40.7 | L72: =L73 -> 81.3
A73: =Приложение3!A113 -> Условно утвержденные расходы | B73: 65 | C73: 1 | D73: 00 | E73: 41990 | F73: 870 | G73: 99 | H73: 99 | K73: =K74 -> 40.7 | L73: =L74 -> 81.3
A74: Администрация Пятинского сельского поселения Ромодановского муниципального района Республики Мордовия | B74: 65 | C74: 1 | D74: 00 | E74: 41990 | F74: 870 | G74: 99 | H74: 99 | I74: 920 | K74: =Приложение3!J118 -> 40.7 | L74: =Приложение3!K118 -> 81.3
A75: ='Приложение 2'!A18 -> Расходы в рамках обеспечения деятельности Администрации Пятинского сельского поселения | B75: 65 | C75: 2 | J75: =J76+J82 -> 2020 | K75: =K76+K82 -> 708.4 | L75: =L76+L82 -> 658
A76: Расходы на выплаты по оплате труда работников органов местного самоуправления | B76: 65 | C76: 2 | D76: 00 | E76: 41110 | J76: =J77 -> 1059.1 | K76: =K77 -> 507.8 | L76: =L77 -> 455.7
A77: Расходы на выплаты персоналу в целях обеспечения выполнения функций государственными (муниципальными) органами, казенными учреждениями, органами управления государственными внебюджетными фондами | B77: 65 | C77: 2 | D77: 00 | E77: 41110 | F77: 100 | J77: =J78 -> 1059.1 | K77: =K78 -> 507.8 | L77: =L78 -> 455.7
A78: Расходы на выплаты персоналу государственных (муниципальных) органов | B78: 65 | C78: 2 | D78: 00 | E78: 41110 | F78: 120 | J78: =J79 -> 1059.1 | K78: =K79 -> 507.8 | L78: =L79 -> 455.7
A79: Общегосударственные вопросы | B79: 65 | C79: 2 | D79: 00 | E79: 41110 | F79: 120 | G79: 01 | J79: =J80 -> 1059.1 | K79: =K80 -> 507.8 | L79: =L80 -> 455.7
A80: Функционирование Правительства Российской Федерации, высших исполнительных органов государственной власти субъектов Российской Федерации, местных администраций | B80: 65 | C80: 2 | D80: 00 | E80: 41110 | F80: 120 | G80: 01 | H80: 04 | J80: =J81 -> 1059.1 | K80: =K81 -> 507.8 | L80: =L81 -> 455.7
A81: Администрация Пятинского сельского поселения Ромодановского муниципального района Республики Мордовия | B81: 65 | C81: 2 | D81: 00 | E81: 41110 | F81: 120 | G81: 01 | H81: 04 | I81: 920 | J81: ='Приложение 2'!J21 -> 1059.1 | K81: ='Приложение 2'!K21 -> 507.8 | L81: ='Приложение 2'!L21 -> 455.7
A82: ='Приложение 2'!A22 -> Расходы на обеспечение функций органов местного самоуправления | B82: 65 | C82: 2 | D82: 00 | E82: 41120 | J82: =J83+J88 -> 960.9 | K82: =K83+K88 -> 200.6 | L82: =L83+L88 -> 202.3
A83: Закупка товаров, работ и услуг для обеспечения государственных (муниципальных) нужд | B83: 65 | C83: 2 | D83: 00 | E83: 41120 | F83: 200 | J83: =J84 -> 954.6 | K83: =K84 -> 199 | L83: =L84 -> 200.7
A84: Иные закупки товаров, работ и услуг для обеспечения государственных (муниципальных) нужд | B84: 65 | C84: 2 | D84: 00 | E84: 41120 | F84: 240 | J84: =J85 -> 954.6 | K84: =K85 -> 199 | L84: =L85 -> 200.7
A85: Общегосударственные вопросы | B85: 65 | C85: 2 | D85: 00 | E85: 41120 | F85: 240 | G85: 01 | J85: =J86 -> 954.6 | K85: =K86 -> 199 | L85: =L86 -> 200.7
A86: Функционирование Правительства Российской Федерации, высших исполнительных органов государственной власти субъектов Российской Федерации, местных администраций | B86: 65 | C86: 2 | D86: 00 | E86: 41120 | F86: 240 | G86: 01 | H86: 04 | J86: =J87 -> 954.6 | K86: =K87 -> 199 | L86: =L87 -> 200.7
A87: Администрация Пятинского сельского поселения Ромодановского муниципального района Республики Мордовия | B87: 65 | C87: 2 | D87: 00 | E87: 41120 | F87: 240 | G87: 01 | H87: 04 | I87: 920 | J87: ='Приложение 2'!J24 -> 954.6 | K87: ='Приложение 2'!K24 -> 199 | L87: ='Приложение 2'!L24 -> 200.7
A88: Иные бюджетные ассигнования | B88: 65 | C88: 2 | D88: 00 | E88: 41120 | F88: 800 | J88: =J89 -> 6.3 | K88: =K89 -> 1.6 | L88: =L89 -> 1.6
A89: Уплата налогов, сборов и иных платежей | B89: 65 | C89: 2 | D89: 00 | E89: 41120 | F89: 850 | J89: =J90 -> 6.3 | K89: =K90 -> 1.6 | L89: =L90 -> 1.6
A90: Общегосударственные вопросы | B90: 65 | C90: 2 | D90: 00 | E90: 41120 | F90: 850 | G90: 01 | J90: =J91 -> 6.3 | K90: =K91 -> 1.6 | L90: =L91 -> 1.6
A91: Функционирование Правительства Российской Федерации, высших исполнительных органов государственной власти субъектов Российской Федерации, местных администраций | B91: 65 | C91: 2 | D91: 00 | E91: 41120 | F91: 850 | G91: 01 | H91: 04 | J91: =J92 -> 6.3 | K91: =K92 -> 1.6 | L91: =L92 -> 1.6
A92: Администрация Пятинского сельского поселения Ромодановского муниципального района Республики Мордовия | B92: 65 | C92: 2 | D92: 00 | E92: 41120 | F92: 850 | G92: 01 | H92: 04 | I92: 920 | J92: ='Приложение 2'!J26 -> 6.3 | K92: ='Приложение 2'!K26 -> 1.6 | L92: ='Приложение 2'!L26 -> 1.6
A93: ='Приложение 2'!A107 -> Непрограммные расходы главных распорядителей средств бюджета Пятинского сельского поселения Ромодановского муниципального района Республики Мордовия | B93: 89 | J93: =J94 -> 346 | K93: =K94 -> 171.2 | L93: =L94 -> 171.9
A94: ='Приложение 2'!A108 -> Непрограммные расходы в рамках обеспечения деятельности главных распорядителей средств бюджета Пятинского сельского поселения Ромодановского муниципального района Республики Мордовия | B94: 89 | C94: 1 | J94: =J95+J101+J136+J107+J142+J124+J130+J118 -> 346 | K94: =K95+K101+K136 -> 171.2 | L94: =L95+L101+L136 -> 171.9
A95: ='Приложение 2'!A109 -> Доплаты к пенсиям муниципальных служащих Республики Мордовия | B95: 89 | C95: 1 | D95: 00 | E95: 03010 | J95: =J96 -> 173.9 | K95: =K96 -> 166.2 | L95: =L96 -> 166.2
A96: ='Приложение 2'!A110 -> Социальное обеспечение и иные выплаты населению | B96: 89 | C96: 1 | D96: 00 | E96: 03010 | F96: 300 | J96: =J97 -> 173.9 | K96: =K97 -> 166.2 | L96: =L97 -> 166.2
A97: ='Приложение 2'!A111 -> Публичные нормативные социальные выплаты гражданам | B97: 89 | C97: 1 | D97: 00 | E97: 03010 | F97: 310 | J97: =J98 -> 173.9 | K97: =K98 -> 166.2 | L97: =L98 -> 166.2
A98: ='Приложение 2'!A105 -> Социальная политика | B98: 89 | C98: 1 | D98: 00 | E98: 03010 | F98: 310 | G98: 10 | J98: =J99 -> 173.9 | K98: =K99 -> 166.2 | L98: =L99 -> 166.2
A99: ='Приложение 2'!A106 -> Пенсионное обеспечение | B99: 89 | C99: 1 | D99: 00 | E99: 03010 | F99: 310 | G99: 10 | H99: 01 | J99: =J100 -> 173.9 | K99: =K100 -> 166.2 | L99: =L100 -> 166.2
A100: =A92 -> Администрация Пятинского сельского поселения Ромодановского муниципального района Республики Мордовия | B100: 89 | C100: 1 | D100: 00 | E100: 03010 | F100: 310 | G100: 10 | H100: 01 | I100: 920 | J100: ='Приложение 2'!J111 -> 173.9 | K100: ='Приложение 2'!K111 -> 166.2 | L100: ='Приложение 2'!L111 -> 166.2
A101: ='Приложение 2'!A35 -> Резервный фонд Администрации Пятинского сельского поселени Ромодановского муниципального района Республики Мордовия | B101: 89 | C101: 1 | D101: 00 | E101: 41180 | J101: =J102 -> 5 | K101: =K102 -> 5 | L101: =L102 -> 5
...

Sheet прил5
C1: Приложение 5 к решению Совета депутатов Пятинского сельского поселения Ромодановского муниципального района Республики Мордовия №20 от 04.12.2023г.«О внесении изменений в решение Совета депутатов Пятинского сельского поселения Ромодановского муниципального района Республики Мордовия от 29 декабря 2022 г № 76 «О бюджете Пятинского сельского поселения Ромодановского муниципального района Республики Мордовия на 2023 год и на плановый период 2024 и 2025 годов»
C2: Приложение 6 к решению Совета депутатов Пятинского сельского поселения Ромодановского муниципального района Республики Мордовия «О бюджете Пятинского сельского поселения Ромодановского муниципального района Республики Мордовия на 2023 год и на плановый период 2024 и 2025 годов»
A3: ИСТОЧНИКИ ВНУТРЕННЕГО ФИНАНСИРОВАНИЯ ДЕФИЦИТА БЮДЖЕТА ПЯТИНСКОГО СЕЛЬСКОГО ПОСЕЛЕНИЯ РОМОДАНОВСКОГО МУНИЦИПАЛЬНОГО РАЙОНА РЕСПУБЛИКИ МОРДОВИЯ НА 2023 ГОД И НА ПЛАНОВЫЙ ПЕРИОД 2024 и 2025 ГОДОВ
A7: Код | B7: Наименование кода группы, подгруппы, статьи, вида источника финансирования дефицитов бюджетов, кода классификации операций сектора государственного управления, относящихся к источникам финансирования дефицитов бюджетов Российской Федерации | C7: Сумма (тыс. руб.)
C8: 2023 год | D8: 2024 год | E8: 2025 год
A9: 1 | B9: 2 | C9: 3 | D9: 4 | E9: 5
A10: 000 01 00 00 00 00 0000 000 | B10: ИСТОЧНИКИ ВНУТРЕННЕГО ФИНАНСИРОВАНИЯ ДЕФИЦИТОВ БЮДЖЕТОВ | C10: =C11+C22+C14+C18 -> 2831.1 | D10: =D11+D22+D14+D18 -> 0 | E10: =E11+E22+E14+E18 -> 0
A11: 000 01 02 00 00 00 0000 000 | B11: Кредиты кредитных организаций в валюте Российской Федерации | C11: =SUM(C12) -> 0 | D11: =SUM(D12) -> 0 | E11: =SUM(E12) -> 0
A12: 000 01 02 00 00 00 0000 700 | B12: Привлечение кредитов от кредитных организаций в валюте Российской Федерации | C12: =SUM(C13) -> 0 | D12: =SUM(D13) -> 0 | E12: =SUM(E13) -> 0
A13: 000 01 02 00 00 05 0000 710 | B13: Привлечение кредитов от кредитных организаций бюджетами муниципальных районов в валюте Российской Федерации | C13: 0 | D13: 0 | E13: 0
A14: 000 01 03 00 00 00 0000 000 | B14: Бюджетные кредиты из других бюджетов бюджетной системы Российской Федерации | C14: =C15 -> 0 | D14: =D15 -> 0 | E14: =E15 -> 0
A15: 000 01 03 01 00 00 0000 000 | B15: Бюджетные кредиты из других бюджетов бюджетной системы Российской Федерации в валюте Российской Федерации | C15: =C16 -> 0 | D15: =D16 -> 0 | E15: =E16 -> 0
A16: 000 01 03 01 00 00 0000 800 | B16: Погашение бюджетных кредитов, полученных из других бюджетов бюджетной системы Российской Федерации в валюте Российской Федерации | C16: =SUM(C17) -> 0 | D16: =SUM(D17) -> 0 | E16: =SUM(E17) -> 0
A17: 000 01 03 01 00 05 0000 810 | B17: Погашение бюджетами муниципальных районов кредитов из других бюджетов бюджетной системы Российской Федерации в валюте Российской Федерации | C17: 0 | D17: 0 | E17: 0
A18: 000 01 06 00 00 00 0000 000 | B18: Иные источники внутреннего финансирования дефицитов бюджетов | C18: =C19 -> 0 | D18: =D19 -> 0 | E18: =E19 -> 0
A19: 000 01 06 05 00 00 0000 000 | B19: Бюджетные кредиты, предоставленные внутри страны в валюте Российской Федерации | C19: =C20 -> 0 | D19: =D20 -> 0 | E19: =E20 -> 0
A20: 000 01 06 05 02 00 0000 600 | B20: Возврат бюджетных кредитов, предоставленных другим бюджетам бюджетной системы Российской Федерации в валюте Российской Федерации | C20: =C21 -> 0 | D20: =D21 -> 0 | E20: =E21 -> 0
A21: 000 01 06 05 02 05 0000 640 | B21: Возврат бюджетных кредитов, предоставленных другим бюджетам бюджетной системы Российской Федерации из бюджетов муниципальных районов в валюте Российской Федерации | C21: 0 | D21: 0 | E21: 0
A22: 000 01 05 00 00 00 0000 000 | B22: Изменения остатков средств на счетах по учету средств бюджета | C22: =C25+C26 -> 2831.1 | D22: =D25+D26 -> 0 | E22: =E25+E26 -> 0
A23: 000 01 05 02 00 00 0000 500 | B23: Увеличение прочих остатков средств бюджетов | C23: =SUM(C24) -> -4689.5 | D23: =SUM(D24) -> -1741.7 | E23: =SUM(E24) -> -1760.8
A24: 000 01 05 02 01 00 0000 510 | B24: Увеличение прочих остатков денежных средств бюджетов | C24: =SUM(C25) -> -4689.5 | D24: =SUM(D25) -> -1741.7 | E24: =SUM(E25) -> -1760.8
A25: 000 01 05 02 01 10 0000 510 | B25: Увеличение прочих остатков денежных средств бюджетов сельских поселений | C25: -4689.5 | D25: -1741.7 | E25: -1760.8
A26: 000 01 05 02 00 00 0000 600 | B26: Уменьшение прочих остатков средств бюджетов | C26: =SUM(C27) -> 7520.6 | D26: =SUM(D27) -> 1741.7 | E26: =SUM(E27) -> 1760.8
A27: 000 01 05 02 01 00 0000 610 | B27: Уменьшение прочих остатков денежных средств бюджетов | C27: =SUM(C28) -> 7520.6 | D27: =SUM(D28) -> 1741.7 | E27: =SUM(E28) -> 1760.8
A28: 000 01 05 02 01 05 0000 610 | B28: Уменьшение прочих остатков денежных средств бюджетов муниципальных районов | C28: 7520.6 | D28: ='Приложение 2'!K8 -> 1741.7 | E28: ='Приложение 2'!L8 -> 1760.8
A29: 000 01 00 00 00 00 0000 000 | B29: Итого источников внутреннего финансирования дефицита бюджета Пятинского сельского поселения Ромодановского муниципального района Республики Мордовия
B30: собственные доходы | C30: 1348.7 | D30: 1360.2 | E30: 1374.9
